 Dungeon Crawl Stone Soup version 0.20.1-1-g8b1a95d (webtiles) character file.

467 digijack the Firebug (level 6, -1/28 HPs)
             Began as a Deep Elf Fire Elementalist on Nov 8, 2017.
             Was an Initiate of Sif Muna.
             Killed from afar by Sigmund (6 damage)
             ... with a puff of flame
             ... on level 6 of the Dungeon.
             The game lasted 00:29:21 (3929 turns).

digijack the Firebug (Deep Elf Fire Elementalist)   Turns: 3929, Time: 00:29:22

Health: -1/28      AC:  5    Str:  5    XL:     6   Next: 81%
Magic:  2/15       EV: 13    Int: 22    God:    Sif Muna [......]
Gold:   204        SH:  0    Dex: 15    Spells: 3/15 levels left

rFire    . . .     SeeInvis .   k - +4 quarterstaff (chaos)
rCold    + . .     Gourm    .   (shield currently unavailable)
rNeg     . . .     Faith    .   a - +0 robe
rPois    .         Spirit   .   (no helmet)
rElec    .         Reflect  .   (no cloak)
rCorr    .         Harm     .   c - +0 pair of gloves
MR       .....                  (no boots)
Stlth    +++.......             (no amulet)
Regen    0.1/turn               o - ring of protection from cold
MPRegen  0.2/turn               (no ring)

@: very slightly contaminated
A: iridescent scales 1, frail 1
a: Renounce Religion


You were on level 6 of the Dungeon.
You worshipped Sif Muna.
Sif Muna was noncommittal.
You were hungry.

You visited 1 branch of the dungeon, and saw 4 of its levels.
You also visited: Sewer.

You collected 204 gold pieces.

Inventory:

Hand Weapons
 k - a +4 quarterstaff of chaos (weapon)
Armour
 a - a +0 robe (worn)
 c - a +0 pair of gloves (worn)
Jewellery
 o - a ring of protection from cold (left hand)
Wands
 m - a wand of flame (19/48)
Scrolls
 g - a scroll of blinking
 h - 4 scrolls of identify
 n - a scroll of teleportation
Potions
 e - 2 potions of curing
 f - a potion of brilliance
 i - 2 potions of berserk rage
Books
 b - a book of Flames

   Spells                             Type                      Level
   a - Flame Tongue                   Conjuration/Fire             1
   b - Throw Flame                    Conjuration/Fire             2
   c - Conjure Flame                  Conjuration/Fire             3
   d - Inner Flame                    Hexes/Fire                   3
   e - Sticky Flame                   Conjuration/Fire             4
   f - Fireball                       Conjuration/Fire             5
Comestibles
 d - 10 fruits
 j - 4 chunks of flesh
 l - a meat ration


   Skills:
 + Level 2.2 Staves
 - Level 3.1 Dodging
 + Level 4.8 Stealth
 + Level 5.0 Spellcasting
 + Level 3.2 Conjurations
 + Level 5.1 Fire Magic


You had 3 spell levels left.
You knew the following spells:

 Your Spells              Type           Power        Failure   Level  Hunger
a - Flame Tongue          Conj/Fire      ###..        1%          1    None
b - Sticky Flame          Conj/Fire      ###.....     19%         4    ####...
c - Throw Flame           Conj/Fire      ###...       2%          2    None
d - Fireball              Conj/Fire      ###.......   45%         5    #####..


Dungeon Overview and Level Annotations

Branches:
Dungeon (3/15)

Altars:
Sif Muna
The Shining One

Annotations:
D:6 Sigmund


Innate Abilities, Weirdness & Mutations

You are partially covered in iridescent scales. (AC +2)
You are frail. (-10% HP)


Message History

Casting: Fireball
Confirm with . or Enter, or press ? or * to list all spells.
You can't see any susceptible monsters within range! (Use Z to cast anyway.) Unknown command.
Casting: Fireball
Confirm with . or Enter, or press ? or * to list all spells.
You can't see any susceptible monsters within range! (Use Z to cast anyway.) Unknown command.
A magic dart appears from out of thin air!
The magic dart hits you!
* * * LOW HITPOINT WARNING * * *
You hear some strange, mumbled words.
Something tries to affect you, but you resist.
Something hits you.
* * * LOW HITPOINT WARNING * * *
You miss something.
You hear some strange, mumbled words.
A puff of flame appears from out of thin air!
The puff of flame hits you!
You die...

.†. #.. ###
###..###.### #####
#..........# ....##
#..........# # .....
+..........+ . ....#
########)###.# ....#
####..####{###.# ....#
.........@.....# ....#
...............# ....#
..#######.......#
....##..##...####'##..#
.............##...##..#
.............'......(.#
.............#........#
###.##.###.######'##..#
.##'######'#.......####


There were no monsters in sight!

Vanquished Creatures
  A crocodile (Sewer)
  A jelly (D:6)
  A hound (D:6)
  Crazy Yiuf (D:2)
  Terence (D:2)
  Natasha (thrice) (D:2)
  A worker ant (D:6)
  7 adders
  A river rat (D:3)
  2 oozes
  5 dart slugs
  5 leopard geckos
  3 orcs
  A ball python (D:1)
  6 giant cockroaches
  11 goblins
  7 hobgoblins
  4 jackals
  A quokka (D:3)
  7 bats
  4 frilled lizards (D:2)
  9 kobolds
  9 rats
91 creatures vanquished.

Notes
Turn   | Place    | Note
-------+----------+-------------------------------------------
     0 | D:1      | digijack the Deep Elf Fire Elementalist began the quest for the Orb.
     0 | D:1      | Reached XP level 1. HP: 10/10 MP: 6/6
   183 | D:1      | Reached XP level 2. HP: 15/15 MP: 4/8
   849 | D:1      | Reached XP level 3. HP: 19/19 MP: 5/9
  1227 | D:2      | Noticed Terence
  1234 | D:2      | Killed Terence
  1333 | D:2      | Found a runed door.
  1337 | D:2      | Noticed Crazy Yiuf
  1355 | D:2      | Killed Crazy Yiuf
  1355 | D:2      | Reached XP level 4. HP: 24/24 MP: 3/11
  1830 | D:2      | Reached skill level 1 in Staves
  1858 | D:2      | Learned a level 4 spell: Sticky Flame
  1861 | D:2      | Learned a level 2 spell: Throw Flame
  1909 | D:2      | Reached XP level 5. HP: 28/28 MP: 8/13
  1985 | D:2      | Found a glowing golden altar of the Shining One.
  2075 | D:2      | Noticed Natasha
  2080 | D:2      | Killed Natasha
  2514 | D:2      | Noticed Natasha
  2518 | D:2      | Killed Natasha
  2921 | D:2      | Noticed Natasha
  2925 | D:2      | Killed Natasha
  3237 | D:3      | Found a glowing drain.
  3241 | Sewer    | Entered a sewer
  3252 | Sewer    | Reached XP level 6. HP: 30/32 MP: 9/14
  3358 | Sewer    | Reached skill level 5 in Fire Magic
  3731 | D:3      | You fall through a shaft for 3 floors!
  3738 | D:6      | Gained mutation: You are partially covered in molten scales. (AC +2) [potion of mutation]
  3738 | D:6      | Gained mutation: Your muscles are strong. (Str +2) [potion of mutation]
  3739 | D:6      | Lost mutation: Your muscles are strong. (Str +2) [potion of mutation]
  3739 | D:6      | Lost mutation: You are partially covered in molten scales. (AC +2) [potion of mutation]
  3739 | D:6      | Gained mutation: You are frail. (-10% HP) [potion of mutation]
  3739 | D:6      | Gained mutation: You are partially covered in iridescent scales. (AC +2) [potion of mutation]
  3758 | D:6      | Found a deep blue altar of Sif Muna.
  3763 | D:6      | Became a worshipper of Sif Muna the Loreminder
  3770 | D:6      | Learned a level 5 spell: Fireball
  3881 | D:6      | Reached skill level 5 in Spellcasting
  3910 | D:6      | Noticed Sigmund
  3929 | D:6      | Killed from afar by Sigmund

Skill      XL: |  1  2  3  4  5  6 |
---------------+-------------------+-----
Fire Magic     | 4 5 |  5.1
Dodging        | 3 |  3.1
Stealth        | 3 4 |  4.8
Spellcasting   | 4 5 |  5.0
Staves         | 1 2 |  2.2
Conjurations   | 2 3 |  3.2

Action                   |  1- 3 |  4- 6 || total
-------------------------+-------+-------++-------
Melee: Unarmed           |     2 |       ||     2
       Quarterstaff      |       |    38 ||    38
 Cast: Flame Tongue      |    59 |    31 ||    90
       Throw Flame       |       |    55 ||    55
       Sticky Flame      |       |     6 ||     6
       Fireball          |       |     1 ||     1
  Use: Potion            |     4 |     7 ||    11
       Scroll            |     3 |     5 ||     8
  Eat: Bread ration      |     1 |       ||     1
       Chunk             |       |     5 ||     5
       Fruit             |       |     1 ||     1
Armor: Robe              |     2 |     7 ||     9
Dodge: Dodged            |     7 |    17 ||    24
